 Dungeon Sprint DCSS version 0.26.1-10-gdfb7c7de75 (webtiles) character file.

Game seed: 8063717876899348575

29260 phalm the Brawler (level 13, -1/81 HPs)
             Began as a Vine Stalker Berserker on Apr 8, 2021.
             Was a High Priest of Trog.
             Slain by the 27-headed Lernaean hydra (2 damage)
             ... in the Dungeon (Sprint I: "Red Sonja").
             The game lasted 00:22:09 (2924 turns).

phalm the Brawler (Vine Stalker Berserker)          Turns: 2924, Time: 00:22:10

Health: -1/81      AC: 13    Str: 24    XL:     13   Next: 44%
Magic:  0/19       EV: 25    Int:  7    God:    Trog [*****.]
Gold:   1099       SH:  5    Dex: 21    Spells: 12/12 levels left

rFire    + . .     SeeInvis +     - Unarmed
rCold    + . .     Faith    .   (no shield)
rNeg     . . .     Spirit   +   a - +0 troll leather armour
rPois    +         Reflect  +   r - +0 helmet
rElec    .         Harm     .   (no cloak)
rCorr    .         Rampage  .   q - +0 pair of gloves
Will     +....     Rnd*Rage +   x - +2 pair of boots {Fly} Stlth ++........NoTele +
                                c - amulet of reflection
HPRegen  1.43/turn              i - ring "Huunlecs" {rPois rF+ Str+2 Dex+2 SInv}
MPRegen  0.16/turn              p - ring of magical power

@: flying
A: fangs 3, berserk 1, cold resistance 1, low mp 3, regeneration 2, strong 1,
magic shield, antimagic bite, no potion heal 3
a: Stop Flying, Renounce Religion, Berserk, Trog's Hand, Brothers in Arms


You were in the Dungeon.
You worshipped Trog.
Trog was extremely pleased with you.
You visited 1 branch You collected 2831 gold pieces.
You spent 1732 gold pieces at shops.

Inventory:

Armour
 a - a +0 troll leather armour (worn)
 j - the +1 robe of Beogh's Favour {+Inv rF+}
   (You bought it in a shop in the Dungeon)

   It protects you from fire.
   It lets you turn invisible.
 l - the +0 pair of boots of Greed {*Corrode Str+5}
   (You found it in the Dungeon)

   It affects your strength (+5).
   It may corrode you when you take damage.
 o - a +2 leather armour of willpower
 q - a +0 pair of gloves (worn)
 r - a +0 helmet (worn)
 x - a +2 pair of boots of flying (worn)
Jewellery
 c - an amulet of reflection (around neck)
 h - an uncursed amulet of magic regeneration
 i - the ring "Huunlecs" (left hand) {rPois rF+ Str+2 Dex+2 SInv}
   (You bought it in a shop in the Dungeon)

   [ring of poison resistance]

   It affects your strength (+2).
   It affects your dexterity (+2).
   It protects you from fire.
   It protects you from poison.
   It lets you see invisible.
 p - a ring of magical power (right hand)
 t - an uncursed ring of protection from cold
Wands
 g - a wand of random effects (3)
 u - a wand of acid (4)
Scrolls
 f - 2 scrolls of blinking
 m - a scroll of remove curse
 n - a scroll of brand weapon
 s - 2 scrolls of identify
Potions
 b - 4 potions of curing
 d - 2 potions of magic
 e - a potion of berserk rage
 v - a potion of mutation {unknown}
 w - a potion of ambrosia {unknown}
 z - a potion of might {unknown}


   Skills:
 + Level 16.0 Fighting
 + Level 14.7 Armour
 + Level 14.7 Dodging
 + Level 17.2 Unarmed Combat


You had 12 spell levels left.
You didn't know any spells.
Your spell library was empty.

Dungeon Overview and Level Annotations

Branches:
Dungeon (1/1)

Altars:
Cheibriados
Dithmenos
Elyvilon
Fedhas
Gozag
Hepliaklqana
Kikubaaqudgha
Makhleb
Nemelex Xobeh
Okawaru
Qazlal
Ru
Sif Muna
Trog
Uskayaw
Vehumet
Wu Jian
Xom
Yredelemnul
Zin
The Shining One
Jiyva
Lugonu

Shops:
D *?[*!*}=*[?*([[*[}*[(

Annotations:
D Lernaean hydra, Tiamat


Innate Abilities, Weirdness & Mutations

You have razor-sharp teeth.
You heal very quickly.
When hurt, damage is shared between your health and your magic reserves.
Your bite disrupts and absorbs the magic of your enemies.
Potions cannot restore your health.
You tend to lose your temper in combat.
Your flesh is cold resistant. (rC+)
Your magical capacity is extremely low. (-30% MP)
Your muscles are strong. (Str +2)


Message History

The 27-headed Lernaean hydra bites you but does no damage.
The 27-headed Lernaean hydra bites you!
* * * LOW HITPOINT WARNING * * *
The 27-headed Lernaean hydra closely misses you.
The 27-headed Lernaean hydra completely misses you.
The 27-headed Lernaean hydra bites you.
The 27-headed Lernaean hydra closely misses you.
The 27-headed Lernaean hydra barely misses you.
The 27-headed Lernaean hydra bites you!
* * * LOW HITPOINT WARNING * * *
The 27-headed Lernaean hydra bites you but does no damage.
The 27-headed Lernaean hydra bites you.
* * * LOW HITPOINT WARNING * * *
The 27-headed Lernaean hydra barely misses you.
The 27-headed Lernaean hydra bites you but does no damage. x2
The 27-headed Lernaean hydra bites you!
* * * LOW HITPOINT WARNING * * *
You block the 27-headed Lernaean hydra's attack.
The 27-headed Lernaean hydra bites you.
You die...

*,,*##...#.≈..##^^§§^§,,,,**,*
*,,*,###.#.≈..#,.§,.D),,,,,*,*
,,,,,,,#.###..#,.,,.§D,,,,,*,*
,,,,,,,#.#.+..##^,,^.^.,,,**,*
,,,,####'#.##'##,,,,,,,,,,*,,*
,,###)...#^#≈≈≈##,,,,,,,,**,,*
###)).####.#≈≈≈≈##,,,,,,**,,,*
...)###,,○^#≈≈≈≈≈#######*,,,,*
#####^^^.####≈≈≈@#≈≈≈≈≈#,,,,,*
#,,,,,^°.#..#'≈≈≈DT≈.≈≈+,,,,,*
,^,,,^°^,#...##≈≈#≈≈≈≈≈#≈≈≈,,*
,^,,,..°^#....######+###**≈≈≈*
***,°&°,,#..§.#≈≈≈≈≈≈≈≈≈≈**≈≈*
≈.*,,,^^,######*≈≈≈≈≈≈≈≈≈≈≈≈≈*
##*,,,,,^+,,*,,+,,,≈≈≈≈≈≈≈*≈≈*
,,,,,,,^,*,,+,,*,,,,,,,,≈≈≈*≈*
******************************


You could see the 27-headed Lernaean hydra and a friendly deep troll (summoned,
berserk).

Vanquished Creatures
  3 fire giants (D)
  A deep elf annihilator (D)
  A lorocyproca (D)
  A mummy priest (D)
  A hydra (D)
  2 centaur warriors (D)
  7 unseen horrors (D)
  A lindwurm (D)
  A deep troll (D)
  2 oklob plants (D)
  3 shining eyes (D)
  2 merfolk sirens (D)
  A gargoyle (D)
  A hellwing (D)
  3 demonic crawlers (D)
  2 kobold demonologists (D)
  5 hornets (D)
  A slime creature (D)
  Sigmund (D)
  2 redbacks (D)
  A yak (D)
  13 hogs (D)
  6 floating eyes (D)
  7 necrophages (D)
  An ogre (D)
  8 jellies (D)
  Ijyb (D)
78 creatures vanquished.

Vanquished Creatures (collateral kills)
  Lom Lobon (D)
  A fire giant (D)
  Sonja (D)
  5 shining eyes (D)
  A demonic crawler (D)
  A floating eye (D)
10 creatures vanquished.

Vanquished Creatures (others)
  A gargoyle (D)
  2 ballistomycete spores (D)
3 creatures vanquished.

Grand Total: 91 creatures vanquished

Notes
Turn   | Place    | Note
-------+----------+-------------------------------------------
     0 | D        | phalm the Vine Stalker Berserker began the quest for the
                  | Orb.
     0 | D        | Reached XP level 1. HP: 11/11 MP: 2/2
     1 | D        | Noticed Ijyb
    14 | D        | Killed Ijyb
    15 | D        | Reached skill level 4 in Unarmed Combat
    15 | D        | Reached XP level 2. HP: 10/17 MP: 3/3
    15 | D        | Reached XP level 3. HP: 12/21 MP: 4/4
   114 | D        | Killed a gargoyle
   185 | D        | Noticed an ogre
   191 | D        | Killed an ogre
   192 | D        | Reached skill level 5 in Unarmed Combat
   192 | D        | Gained mutation: Your natural rate of healing is unusually
                  | fast. [Vine Stalker growth]
   192 | D        | Reached XP level 4. HP: 26/26 MP: 5/5
   227 | D        | Noticed Sigmund
   232 | D        | Killed Sigmund
   232 | D        | Reached ** piety under Trog
   233 | D        | Reached skill level 5 in Armour
   233 | D        | Reached skill level 5 in Dodging
   233 | D        | Reached skill level 6 in Unarmed Combat
   233 | D        | Reached XP level 5. HP: 32/32 MP: 4/6
   233 | D        | Reached XP level 6. HP: 36/36 MP: 4/7
   262 | D        | Found an ornate altar of the Wu Jian Council.
   262 | D        | Found a shimmering blue altar of Sif Muna.
   263 | D        | Found a burning altar of Makhleb.
   263 | D        | Found a viscous altar of Jiyva.
   263 | D        | Found a shimmering altar of Xom.
   263 | D        | Found a corrupted altar of Lugonu.
   263 | D        | Noticed a slime creature
   268 | D        | Killed a slime creature
   269 | D        | Reached skill level 7 in Unarmed Combat
   269 | D        | Reached XP level 7. HP: 42/42 MP: 8/8
   270 | D        | Found a radiant altar of Vehumet.
   277 | D        | Reached skill level 8 in Unarmed Combat
   310 | D        | Found Cicea's Assorted Antiques.
   310 | D        | Found an ancient bone altar of Kikubaaqudgha.
   310 | D        | Found a hazy altar of Hepliaklqana.
   310 | D        | Found a stormy altar of Qazlal.
   310 | D        | Found a hide-covered altar of Uskayaw.
   310 | D        | Found a blossoming altar of Fedhas.
   310 | D        | Found a bloodstained altar of Trog.
   310 | D        | Found an iron altar of Okawaru.
   310 | D        | Found a basalt altar of Yredelemnul.
   310 | D        | Found a glowing golden altar of the Shining One.
   310 | D        | Found a snail-covered altar of Cheibriados.
   310 | D        | Found a sacrificial altar of Ru.
   310 | D        | Found a glowing silver altar of Zin.
   310 | D        | Found a shadowy altar of Dithmenos.
   310 | D        | Found a white marble altar of Elyvilon.
   310 | D        | Noticed a yak
   311 | D        | Found an opulent altar of Gozag.
   319 | D        | Killed a yak
   319 | D        | Reached *** piety under Trog
   350 | D        | Found a sparkling altar of Nemelex Xobeh.
   354 | D        | Bought a leather armour for 48 gold pieces
   389 | D        | Noticed a kobold demonologist
   391 | D        | Noticed a kobold demonologist
   394 | D        | Noticed a sun demon
   401 | D        | Killed a kobold demonologist
   402 | D        | Reached skill level 9 in Unarmed Combat
   402 | D        | Gained mutation: You have razor-sharp teeth. [Vine Stalker
                  | growth]
   402 | D        | Reached XP level 8. HP: 48/48 MP: 9/9
   404 | D        | Killed a kobold demonologist
   404 | D        | Reached **** piety under Trog
   438 | D        | Noticed a centaur warrior
   441 | D        | Noticed a centaur warrior
   450 | D        | Killed a centaur warrior
   451 | D        | Reached skill level 10 in Unarmed Combat
   451 | D        | Reached XP level 9. HP: 54/54 MP: 10/10
   452 | D        | Killed a centaur warrior
   452 | D        | Reached ***** piety under Trog
   453 | D        | Reached skill level 10 in Fighting
   453 | D        | Reached skill level 11 in Unarmed Combat
   502 | D        | Noticed a deep troll
   506 | D        | Killed a deep troll
   529 | D        | Found Iwnixo's Armour Emporium.
   567 | D        | Noticed a hornet
   570 | D        | Killed a hornet
   618 | D        | Noticed an oklob plant
   625 | D        | Killed an oklob plant
   626 | D        | Reached skill level 10 in Armour
   626 | D        | Reached skill level 10 in Dodging
   626 | D        | Reached XP level 10. HP: 43/60 MP: 7/11
   657 | D        | Received a gift from Trog
   665 | D        | Reached skill level 12 in Unarmed Combat
   962 | D        | Received a gift from Trog
  1036 | D        | Reached ****** piety under Trog
  1041 | D        | Got a pair of ancient boots
  1047 | D        | Identified the +0 pair of boots of Greed {*Corrode Str+5}
                  | (You found it in the Dungeon)
  1086 | D        | Found Dor Evou's Jewellery Shoppe.
  1086 | D        | Found Urof's Gadget Shop.
  1086 | D        | Found Dufyag's Assorted Antiques.
  1088 | D        | Found Feunn's Armour Emporium.
  1088 | D        | Found Kihahimo's Magic Scroll Shop.
  1088 | D        | Found Kothricva's General Store.
  1088 | D        | Found Toquptunt's Weapon Boutique.
  1088 | D        | Found Zaniops's Armour Emporium.
  1088 | D        | Found Xyuss's Antique Armour Shop.
  1088 | D        | Found Fusoivuw's Assorted Antiques.
  1092 | D        | Found Kuiwn's Antique Armour Boutique.
  1093 | D        | Found Yjeynesk's General Store.
  1093 | D        | Found Nistreyrr's Gadget Boutique.
  1094 | D        | Found Coqesoh's Weapon Emporium.
  1114 | D        | Bought a slimy platinum ring for 105 gold pieces
  1114 | D        | Bought a faintly humming robe for 119 gold pieces
  1124 | D        | Identified the cursed +1 robe of Beogh's Favour {+Inv rF+}
                  | (You bought it in a shop in the Dungeon)
  1124 | D        | Identified the ring "Huunlecs" {rPois rF+ Str+2 Dex+2 SInv}
                  | (You bought it in a shop in the Dungeon)
  1127 | D        | Bought a scroll of remove curse for 36 gold pieces
  1127 | D        | Bought a scroll of identify for 24 gold pieces
  1144 | D        | Bought an uncursed amulet of reflection for 330 gold pieces
  1144 | D        | Bought an uncursed ring of magical power for 220 gold
                  | pieces
  1211 | D        | Noticed an unseen horror
  1211 | D        | Noticed an unseen horror
  1217 | D        | Killed an unseen horror
  1217 | D        | Received a gift from Trog
  1225 | D        | Killed an unseen horror
  1303 | D        | Noticed Sonja
  1310 | D        | Killed Sonja
  1328 | D        | Found Yjud's Assorted Antiques.
  1337 | D        | Noticed a shining eye
  1337 | D        | Noticed a shining eye
  1337 | D        | Noticed a shining eye
  1339 | D        | Reached skill level 13 in Unarmed Combat
  1340 | D        | Noticed a shining eye
  1342 | D        | Gained mutation: Your flesh is cold resistant. (rC+) [a
                  | shining eye]
  1343 | D        | Noticed a shining eye
  1343 | D        | Noticed a shining eye
  1344 | D        | Gained mutation: Your muscles are strong. (Str +2) [a
                  | shining eye]
  1346 | D        | Killed a shining eye
  1346 | D        | Gained mutation: Your magical capacity is low. (-10% MP) [a
                  | shining eye]
  1346 | D        | Gained mutation: Your magical capacity is very low. (-20%
                  | MP) [a shining eye]
  1347 | D        | Reached XP level 11. HP: 66/66 MP: 9/9
  1347 | D        | Gained mutation: You tend to lose your temper in combat. [a
                  | shining eye]
  1348 | D        | Killed a shining eye
  1348 | D        | Killed a shining eye
  1348 | D        | Received a gift from Trog
  1350 | D        | Killed a shining eye
  1351 | D        | Killed a shining eye
  1352 | D        | Noticed a shining eye
  1352 | D        | Noticed a shining eye
  1356 | D        | Gained mutation: Your magical capacity is extremely low.
                  | (-30% MP) [a shining eye]
  1357 | D        | Killed a shining eye
  1360 | D        | Killed a shining eye
  1362 | D        | Killed a shining eye
  1400 | D        | Found Baucs's Distillery.
  1400 | D        | Found Secriece's Magic Scroll Shoppe.
  1400 | D        | Found Pobrer's Assorted Antiques.
  1400 | D        | Found Veshorez's Armour Emporium.
  1415 | D        | Bought a +2 pair of boots for 214 gold pieces
  1415 | D        | Bought a +0 pair of gloves for 58 gold pieces
  1521 | D        | Bought a +0 helmet for 58 gold pieces
  1637 | D        | Noticed a lindwurm
  1642 | D        | Killed a lindwurm
  1643 | D        | Reached skill level 14 in Unarmed Combat
  1752 | D        | Noticed a lorocyproca
  1761 | D        | Killed a lorocyproca
  1761 | D        | Received a gift from Trog
  1910 | D        | HP: 1/68 [meliai/divine providence (10)]
  2126 | D        | Received a gift from Trog
  2141 | D        | Received a gift from Trog
  2193 | D        | Noticed a 12-headed hydra
  2197 | D        | Killed a 12-headed hydra
  2197 | D        | Paralysed by a floating eye for 3 turns
  2198 | D        | Gained mutation: You heal very quickly. [Vine Stalker
                  | growth]
  2198 | D        | Reached XP level 12. HP: 64/74 MP: 9/9
  2239 | D        | Noticed a deep elf annihilator
  2261 | D        | Reached skill level 15 in Unarmed Combat
  2267 | D        | Received a gift from Trog
  2278 | D        | Killed a deep elf annihilator
  2279 | D        | Noticed a mummy priest
  2289 | D        | Received a gift from Trog
  2322 | D        | Noticed a daeva
  2462 | D        | Noticed a fire giant
  2464 | D        | Noticed a fire giant
  2465 | D        | Noticed a fire giant
  2465 | D        | Noticed a fire giant
  2473 | D        | Killed a fire giant
  2473 | D        | Received a gift from Trog
  2477 | D        | Killed a fire giant
  2478 | D        | Reached skill level 16 in Unarmed Combat
  2483 | D        | Killed a fire giant
  2484 | D        | Reached skill level 15 in Fighting
  2486 | D        | Killed a fire giant
  2487 | D        | Reached XP level 13. HP: 58/81 MP: 10/10
  2531 | D        | Found the +4 dragonskin cloak
  2531 | D        | Noticed Tiamat
  2621 | D        | Bought a scroll of acquirement for 520 gold pieces
  2621 | D        | Acquired a +2 pair of boots of flying
  2696 | D        | Noticed a jiangshi
  2702 | D        | Killed a mummy priest
  2826 | D        | Noticed a shadow dragon
  2827 | D        | Noticed a golden dragon
  2851 | D        | Noticed Lom Lobon
  2887 | D        | Killed Lom Lobon
  2888 | D        | Reached skill level 17 in Unarmed Combat
  2921 | D        | Noticed the 27-headed Lernaean hydra
  2924 | D        | HP: 1/81 [the 27-headed Lernaean hydra (10)]
  2924 | D        | Slain by the 27-headed Lernaean hydra

Illustrated notes

Levels and vault maps discovered:
D:        dungeon_sprint_1 [red_sonja_temple_1, red_sonja_temple_small_1]

Skill      XL: |  1  2  3  4  5  6  7  8  9 10 11 12 13 |
---------------+----------------------------------------+-----
Fighting       | 3 4 6 7 8 9 11 12 13 15 16 | 16.0
Armour         | 2 4 5 6 7 8 10 11 12 14 | 14.7
Dodging        | 2 4 5 6 7 8 10 11 12 14 | 14.7
Unarmed Combat | 4 5 6 7 9 10 11 13 14 16 17 | 17.2

Action                   |  1- 3 |  4- 6 |  7- 9 | 10-12 | 13-15 || total
-------------------------+-------+-------+-------+-------+-------++-------
Melee: Unarmed           |    17 |     7 |    42 |   172 |    18 ||   256
       Bite              |     4 |     2 |    15 |    81 |    10 ||   112
       Punch             |       |     1 |     1 |    22 |     1 ||    25
Invok: Berserk           |     2 |     2 |     6 |    12 |     2 ||    24
       Trog's Hand       |       |       |       |     5 |     1 ||     6
       Brothers in Arms  |       |       |       |     4 |     3 ||     7
Evoke: Wand              |       |       |     2 |    12 |       ||    14
  Use: Potion            |       |       |     1 |       |       ||     1
       Scroll            |       |       |       |     4 |     1 ||     5
Armor: Animal skin       |     1 |       |       |       |       ||     1
       Leather armour    |       |       |     5 |       |       ||     5
       Troll leather arm |       |       |       |    19 |    12 ||    31
Dodge: Dodged            |     5 |     2 |    31 |   125 |    22 ||   185
Block: Other             |       |       |       |    16 |     8 ||    24
